 Dungeon Sprint DCSS version 0.21.1-1-g345015f (webtiles) character file.

618 Mesmaeker13 the Nimble (level 7, 0/78 HPs)
             Began as an Ogre Hunter on Apr 13, 2018.
             Was an Initiate of Trog.
             Slain by a smoke demon (1 damage)
             ... summoned by a kobold demonologist
             ... in the Dungeon (Sprint I: "Red Sonja").
             The game lasted 00:02:34 (722 turns).

Mesmaeker13 the Nimble (Ogre Hunter)                 Turns: 722, Time: 00:02:34

Health: 0/78       AC:  4    Str: 19    XL:     7   Next: 45%
Magic:  7/7        EV: 14    Int: 12    God:    Trog [......]
Gold:   405        SH:  0    Dex:  9    Spells: 6/6 levels left

rFire    . . .     SeeInvis .   m - +0 giant club
rCold    . . .     Gourm    .   (shield currently unavailable)
rNeg     . . .     Faith    .   n - +1 robe
rPois    .         Spirit   .   (helmet restricted)
rElec    .         Reflect  .   (no cloak)
rCorr    .         Harm     .   (gloves unavailable)
MR       .....     NoTele   +   (boots unavailable)
Stlth    +.........             (no amulet)
HPRegen  0.23/turn              (no ring)
MPRegen  0.10/turn              (no ring)

@: liquid flames, berserk cooldown, slowed, glowing, very slow
A: large, unfitting armour, tough skin 1
a: Burn Spellbooks, Renounce Religion


You were in the Dungeon.
You worshipped Trog.
Trog was noncommittal.
You were not hungry.

You visited 1 branch You collected 405 gold pieces.

Inventory:

Hand Weapons
 m - a +0 giant club (weapon)
Missiles
 c - 5 large rocks
 d - a throwing net (quivered)
Armour
 n - a +1 robe (worn)
Wands
 l - a wand of flame (22)
Scrolls
 b - a scroll of identify {unknown}
 k - a scroll of blinking
 p - a scroll of fog {unknown}
Potions
 a - a potion of brilliance {unknown}
 e - 2 potions of curing
 g - a potion of heal wounds
 h - a potion of haste
 i - 2 potions of magic
Comestibles
 f - a ration


   Skills:
 - Level 7.2 Fighting
 + Level 8.2 Maces & Flails
 - Level 6.6 Throwing
 - Level 9.8 Dodging
 - Level 0.6 Stealth


You had 6 spell levels left.
You didn't know any spells.

Dungeon Overview and Level Annotations

Branches:
Dungeon (1/1)

Altars:
Cheibriados
Dithmenos
Elyvilon
Fedhas
Gozag
Hepliaklqana
Kikubaaqudgha
Makhleb
Nemelex Xobeh
Okawaru
Qazlal
Ru
Sif Muna
Trog
Uskayaw
Vehumet
Wu Jian
Xom
Yredelemnul
Zin
The Shining One
Jiyva
Lugonu

Shops:
D %


Innate Abilities, Weirdness & Mutations

You are too large for most types of armour.
You have tough skin. (AC +1)


Message History

* * * LOW HITPOINT WARNING * * *
The shadow imp hits you.
* * * LOW HITPOINT WARNING * * *
The ufetubus hits you.
* * * LOW HITPOINT WARNING * * *
The ufetubus hits you.
* * * LOW HITPOINT WARNING * * *
You can move again.
You barely miss the kobold demonologist.
The kobold demonologist is severely wounded.
You are covered in liquid flames!
* * * LOW HITPOINT WARNING * * *
The ufetubus hits you.
* * * LOW HITPOINT WARNING * * *
The ufetubus barely misses you.
The kobold demonologist hits you but does no damage.
The smoke demon misses you.
The smoke demon hits you but does no damage.
The smoke demon hits you.
You die...

########################
.#.)'..#..'..#_5#Gsss4.#
.'[.#..')[#..'^3@K3#...#
.#####'#####'#_5#### ..+
.####..#...#.####§ ##
.#__####..##.#§≈§§
.#_____##'#_.+§§§§
⌠#_.∩...'..._#§§
##_..__##_.#'# +
#_____###+#.# #######
###


You could see 3 demonic crawlers, a sun demon, a rust devil, a kobold
demonologist, a smoke demon, a floating eye, a shadow imp and an ufetubus.

Vanquished Creatures
  A slime creature (D)
  Sigmund (D)
  A yak (D)
  An ogre (D)
  A jelly (D)
  Ijyb (D)
6 creatures vanquished.

Notes
Turn   | Place    | Note
-------+----------+-------------------------------------------
     0 | D        | Mesmaeker13 the Ogre Hunter began the quest for the Orb.
     0 | D        | Reached XP level 1. HP: 22/22 MP: 1/1
     1 | D        | Noticed Ijyb
     3 | D        | Killed Ijyb
     3 | D        | Reached skill level 5 in Fighting
     3 | D        | Reached skill level 5 in Throwing
     3 | D        | Reached skill level 3 in Dodging
     3 | D        | Reached XP level 2. HP: 35/35 MP: 2/2
     3 | D        | Reached XP level 3. HP: 42/42 MP: 3/3
     9 | D        | Noticed an ogre
    13 | D        | Killed an ogre
    13 | D        | Reached skill level 5 in Dodging
    13 | D        | Reached XP level 4. HP: 48/55 MP: 4/4
    51 | D        | Noticed Sigmund
    56 | D        | Killed Sigmund
    56 | D        | Reached skill level 5 in Maces & Flails
    56 | D        | Reached skill level 7 in Dodging
    56 | D        | Reached XP level 5. HP: 41/62 MP: 5/5
    56 | D        | Reached XP level 6. HP: 47/71 MP: 6/6
   234 | D        | Found a deep blue altar of Sif Muna.
   235 | D        | Found an ornate altar of the Wu Jian Council.
   236 | D        | Found a radiant altar of Vehumet.
   286 | D        | Found a burning altar of Makhleb.
   286 | D        | Found a viscous altar of Jiyva.
   286 | D        | Found a shimmering altar of Xom.
   286 | D        | Found a corrupted altar of Lugonu.
   286 | D        | Noticed a slime creature
   294 | D        | Found Padghumm's Food Emporium.
   294 | D        | Found an ancient bone altar of Kikubaaqudgha.
   294 | D        | Found a hazy altar of Hepliaklqana.
   294 | D        | Found a stormy altar of Qazlal.
   294 | D        | Found a hide-covered altar of Uskayaw.
   294 | D        | Found a blossoming altar of Fedhas.
   294 | D        | Found a bloodstained altar of Trog.
   294 | D        | Found an iron altar of Okawaru.
   294 | D        | Found a basalt altar of Yredelemnul.
   294 | D        | Found a glowing golden altar of the Shining One.
   294 | D        | Found a snail-covered altar of Cheibriados.
   294 | D        | Found a sacrificial altar of Ru.
   294 | D        | Found a glowing silver altar of Zin.
   294 | D        | Found a shadowy altar of Dithmenos.
   294 | D        | Found a white marble altar of Elyvilon.
   294 | D        | Noticed a yak
   306 | D        | Killed a yak
   306 | D        | Reached skill level 8 in Dodging
   307 | D        | Found an opulent altar of Gozag.
   308 | D        | Found a sparkling altar of Nemelex Xobeh.
   453 | D        | Became a worshipper of Trog the Wrathful
   481 | D        | Killed a slime creature
   481 | D        | Reached skill level 9 in Dodging
   481 | D        | Reached XP level 7. HP: 31/78 MP: 7/7
   700 | D        | Noticed a kobold demonologist
   701 | D        | Noticed a kobold demonologist
   708 | D        | Noticed a sun demon
   711 | D        | Noticed a rust devil
   712 | D        | Paralysed by a floating eye for 4 turns
   718 | D        | Noticed a smoke demon
   719 | D        | Noticed a demonic crawler
   719 | D        | Paralysed by a floating eye for 3 turns
   720 | D        | Noticed a demonic crawler
   720 | D        | Noticed a demonic crawler
   722 | D        | HP: 1/78 [ufetubus[a kobold demonologist] (3)]
   722 | D        | Slain by a smoke demon

Skill      XL: |  1  2  3  4  5  6 |
---------------+-------------------+-----
Fighting       | 5 7 |  7.2
Throwing       | 5 6 |  6.6
Dodging        | 3 5 7 9 |  9.8
Maces & Flails | 5 8 |  8.2
Stealth        | |  0.6

Action                   |  1- 3 |  4- 6 |  7- 9 || total
-------------------------+-------+-------+-------++-------
Melee: Short sword       |     3 |       |       ||     3
       Giant club        |       |    26 |     8 ||    34
Throw: Large rock        |     3 |     2 |       ||     5
       Throwing net      |       |     2 |       ||     2
Evoke: Wand              |       |     2 |       ||     2
  Use: Potion            |       |       |     1 ||     1
Armor: Robe              |       |     5 |    15 ||    20
Dodge: Dodged            |     1 |    13 |    13 ||    27
